 Dungeon Crawl Stone Soup version 0.26.1-11-gd32895ea62 (webtiles) character file.

Game seed: 581693380434914043

17873 Zeld the Thrower (level 12, -1/105 HPs)
             Began as an Octopode Gladiator on May 22, 2021.
             Was a High Priest of Okawaru.
             Killed from afar by a fire dragon (18 damage)
             ... with a blast of flame
             ... on level 11 of the Dungeon.
             The game lasted 00:22:40 (27978 turns).

Zeld the Thrower (Octopode Gladiator)              Turns: 27978, Time: 00:22:40

Health: -1/105     AC:  7    Str: 18    XL:     12   Next: 52%
Magic:  0/12       EV: 14    Int: 10    God:    Okawaru [*****.]
Gold:   1006       SH:  0    Dex: 14    Spells: 11/11 levels left

rFire    . . .     SeeInvis .   a - +2 quarterstaff
rCold    . . .     Faith    .   (shield currently unavailable)
rNeg     . . .     Spirit   +   A - +2 hat {Will+}
rPois    .         Reflect  .   r - amulet of guardian spirit
rElec    .         Harm     .   g - +4 ring of protection
rCorr    .         Rampage  .   (no ring)
Will     +....                  (no ring)
Stlth    ..........             (no ring)
HPRegen  0.27/turn              (no ring)
MPRegen  0.13/turn              (no ring)
                                (no ring)
                                (no ring)

@: mighty, berserking, very quick
A: almost no armour, stealthy swim, amphibious, 8 rings, constrict 8, camouflage
1, gelatinous body 1
a: Renounce Religion, Heroism, Finesse


You were on level 11 of the Dungeon.
You worshipped Okawaru.
Okawaru was extremely pleased with you.
You visited 2 branches of the dungeon, and saw 12 of its levels.

You collected 1006 gold pieces.

Inventory:

Hand Weapons
 a - a +2 quarterstaff (weapon)
 i - a +0 quarterstaff of freezing
Missiles
 c - 4 throwing nets
 d - 11 silver javelins
 e - 20 javelins
 f - 19 boomerangs
 j - a silver boomerang
 n - 42 poisoned darts (quivered)
 y - 5 atropa-tipped darts
Armour
 A - a +2 hat of willpower (worn)
Jewellery
 g - a +4 ring of protection (left tentacle)
 r - an amulet of guardian spirit (around mantle)
Wands
 m - a wand of flame (61)
 x - a wand of enslavement (21)
Scrolls
 h - 12 scrolls of remove curse
 k - 5 scrolls of magic mapping
 q - a scroll of enchant armour
Potions
 b - a potion of flight {unknown}
 l - 2 potions of curing
 o - 2 potions of heal wounds
 s - 3 potions of brilliance
 u - a potion of cancellation
 v - a potion of berserk rage
 w - 2 potions of mutation {unknown}
 z - 2 potions of degeneration {unknown}


   Skills:
 - Level 2.0 Fighting
 - Level 14.0 Staves
 * Level 14.1 Throwing
 - Level 3.0 Dodging


You had 11 spell levels left.
You didn't know any spells.
Your spell library contained the following spells:

 Spells                   Type           Power        Failure   Level
 Magic Dart               Conj           0%           36%         1
 Sting                    Tmut/Pois      0%           36%         1
 Blink                    Tloc           N/A          50%         2
 Call Imp                 Summ           0%           50%         2
 Poisonous Vapours        Pois/Air       0%           50%         2
 Slow                     Hex            0%           50%         2
 Confusing Touch          Hex            0%           75%         3
 Conjure Flame            Conj/Fire      0%           75%         3
 Gell's Gravitas          Tloc           0%           75%         3
 Ignite Poison            Fire/Tmut/Pois 0%           75%         3
 Mephitic Cloud           Conj/Pois/Air  0%           75%         3
 Olgreb's Toxic Radiance  Pois           0%           98%         4
 Petrify                  Tmut/Erth      0%           98%         4
 Irradiate                Conj/Tmut      0%           100%        5
 Metabolic Englaciation   Hex/Ice        0%           100%        5
 Yara's Violent Unravell  Hex/Tmut       0%           100%        5
 Hydra Form               Tmut           0%           100%        6
 Statue Form              Tmut/Erth      0%           100%        6
 Dragon Form              Tmut           0%           100%        7


Dungeon Overview and Level Annotations

Branches:
Dungeon (11/15)            Temple (1/1) D:5            Lair (0/6) D:11
    Orc (0/2) D:10

Altars:
Ashenzari
Cheibriados
Dithmenos
Elyvilon
Fedhas
Gozag
Hepliaklqana
Kikubaaqudgha
Makhleb
Nemelex Xobeh
Okawaru
Qazlal
Ru
Sif Muna
Trog
Vehumet
Wu Jian
Xom
Yredelemnul
Zin
The Shining One

Shops:
D:6 [

Annotations:
D:9 1 exclusion


Innate Abilities, Weirdness & Mutations

You cannot wear most types of armour.
You are very stealthy in the water. (Stealth+)
You are amphibious.
You can wear up to eight rings at the same time.
You can use your tentacles to constrict eight enemies at once.
Your skin changes colour to match your surroundings (Stealth+).
Your rubbery body absorbs attacks. (AC +1, EV +1)


Message History

The fire dragon breathes flames at you. The blast of flame hits you!!!
Ouch! That really hurt!
A red film seems to cover your vision as you go berserk!
You feel yourself moving faster!
You feel mighty!
You are too injured to fight recklessly!
You are too injured to fight recklessly!
You feel a strong urge to attack something.
The fire dragon bites you!
* * * LOW HITPOINT WARNING * * *
The fire dragon claws you!
* * * LOW HITPOINT WARNING * * *
The fire dragon barely misses you.
You thump the fire dragon!
The fire dragon is lightly wounded.
You hit the fire dragon.
The fire dragon is lightly wounded.
The fire dragon breathes flames at you. The blast of flame hits you!!
You die...

,,,* ******* *,,,,,,,* *,,,,[
**,* *,,,,,,,* *,***, *,*
*,,,,,,)* *,* *, **'**
***####****,* ** ,,,,*
#########...,,,,*,* ,,,,*
#.........###**,*,* ,,,,*
#............,,,,,* ,,,,*
#............,,,*** ,,,,*
#....@≈≈§§...,**** ,,,,*
#....D.≈§≈§..,,,,* ,,,,*
#....≈≈.§§§≈.***,***** ,,,,*
#.....≈.>.≈≈.* *,**,,, ,,,,*
#.....≈≈.≈§§.* *,**,** ,,,,*
#.....≈§≈§§§§***'**,*
,,,.########......≈.≈§§,,,,,,,,**
,......................,,,,,,,,**
*#.....................,,,,,,,,**


You could see a fire dragon (catching breath).

Vanquished Creatures
  Fannar (D:10)
  A hydra (D:11)
  A boulder beetle (D:11)
  5 two-headed ogres
  Erica (D:11)
  Pikel (D:6)
  2 deep elf magi (D:11)
  2 ugly things (D:11)
  A centaur skeleton (D:10)
  Psyche (D:11)
  A troll (D:11)
  A hornet (D:8)
  Grinder (D:4)
  2 wraiths (D:11)
  A shadow (D:11)
  6 yaks
  2 water moccasins (D:7)
  Edmund (D:6)
  8 orc warriors
  5 ice beasts
  A swamp drake (D:11)
  2 phantoms
  3 sky beasts
  3 black bears
  An eye of draining (D:11)
  7 ogres
  4 centaurs
  A lemure (D:5)
  2 big kobolds (D:11)
  8 bullfrogs
  Blork the orc (D:4)
  3 scorpions
  6 killer bees
  4 spriggan skeletons (D:9)
  3 howler monkeys
  13 wights
  A troll skeleton (D:9)
  5 crimson imps
  8 hounds
  A bullfrog zombie (D:7)
  2 iron imps
  A jelly (D:9)
  2 bullfrog skeletons
  11 orc priests
  6 iguanas
  9 orc wizards
  12 worker ants
  2 hound skeletons (D:7)
  4 worker ant zombies
  8 gnolls
  A howler monkey skeleton (D:5)
  14 adders
  3 shadow imps
  4 white imps
  2 ufetubi
  An ooze (D:3)
  2 adder zombies
  An adder skeleton (D:6)
  6 worms
  A dart slug (D:3)
  7 leopard geckos
  73 orcs
  3 giant cockroaches
  7 goblins
  6 hobgoblins
  28 jackals
  15 kobolds
  6 quokkas
  4 ball pythons
  5 bats
  7 frilled lizards
  A goblin skeleton (D:8)
  2 goblin zombies (D:8)
  A hobgoblin zombie (D:8)
  3 kobold zombies (D:8)
  An orc skeleton (D:8)
  An orc zombie (D:8)
  A quokka skeleton (D:4)
  10 rats
394 creatures vanquished.

Vanquished Creatures (others)
  An orc wizard (D:10)
  An orc (D:8)
  2 kobolds (D:11)
  2 plants (D:8)
6 creatures vanquished.

Grand Total: 400 creatures vanquished

Notes
Turn   | Place    | Note
-------+----------+-------------------------------------------
     0 | D:1      | Zeld the Octopode Gladiator began the quest for the Orb.
     0 | D:1      | Reached XP level 1. HP: 14/14 MP: 1/1
   358 | D:1      | Reached XP level 2. HP: 15/19 MP: 2/2
   947 | D:1      | Reached XP level 3. HP: 24/24 MP: 3/3
  1720 | D:2      | Reached XP level 4. HP: 19/29 MP: 4/4
  1931 | D:2      | Found a broken altar of Ashenzari.
  1975 | D:2      | Reached skill level 5 in Staves
  3284 | D:2      | Reached XP level 5. HP: 27/34 MP: 5/5
  3419 | D:2      | Found a shimmering blue altar of Sif Muna.
  3684 | D:3      | Found an ancient bone altar of Kikubaaqudgha.
  4413 | D:3      | Reached XP level 6. HP: 27/39 MP: 6/6
  4658 | D:3      | Found a shimmering altar of Xom.
  4899 | D:4      | Reached XP level 7. HP: 27/45 MP: 7/7
  5479 | D:4      | Noticed Blork the orc
  5493 | D:4      | Killed Blork the orc
  5620 | D:4      | Noticed Grinder
  5633 | D:4      | Killed Grinder
  5634 | D:4      | Reached XP level 8. HP: 36/50 MP: 8/8
  6197 | D:5      | Entered Level 5 of the Dungeon
  6267 | D:5      | Found a staircase to the Ecumenical Temple.
  6315 | Temple   | Entered the Ecumenical Temple
  6368 | Temple   | Became a worshipper of Warmaster Okawaru
  6692 | D:5      | Reached skill level 10 in Staves
  7023 | D:5      | Found a white marble altar of Elyvilon.
  8310 | D:6      | Found Kudiop's Antique Armour Boutique.
  8531 | D:5      | Reached XP level 9. HP: 38/54 MP: 9/9
  8639 | D:6      | Reached * piety under Okawaru
  8978 | D:6      | Found a radiant altar of Vehumet.
  9079 | D:6      | Noticed Pikel
  9101 | D:6      | Killed Pikel
  9511 | D:6      | Noticed Edmund
  9524 | D:6      | Killed Edmund
  9762 | D:7      | Reached ** piety under Okawaru
 10467 | D:7      | Reached XP level 10. HP: 18/60 MP: 10/10
 11380 | D:7      | Reached *** piety under Okawaru
 12152 | D:8      | Found a glowing golden altar of the Shining One.
 12293 | D:8      | Noticed a two-headed ogre
 12661 | D:8      | Noticed a two-headed ogre
 12874 | D:7      | Killed a two-headed ogre
 12875 | D:7      | Reached skill level 5 in Throwing
 13925 | D:8      | Reached **** piety under Okawaru
 14298 | D:8      | Found a blossoming altar of Fedhas.
 14371 | D:8      | Received a gift from Okawaru
 14388 | D:8      | Killed a two-headed ogre
 14694 | D:8      | Reached XP level 11. HP: 29/64 MP: 8/11
 15209 | D:9      | Noticed a two-headed ogre
 15950 | D:8      | Found a blossoming altar of Fedhas.
 15964 | D:8      | Found a glowing golden altar of the Shining One.
 16002 | D:8      | Killed a two-headed ogre
 17141 | D:9      | Noticed a two-headed ogre
 17150 | D:9      | Killed a two-headed ogre
 17209 | D:9      | Reached skill level 10 in Throwing
 18637 | D:10     | Entered Level 10 of the Dungeon
 20483 | D:10     | Received a gift from Okawaru
 21236 | D:10     | Noticed Fannar
 21312 | D:10     | Found a staircase to the Orcish Mines.
 21980 | D:10     | Killed Fannar
 22016 | D:10     | Reached ***** piety under Okawaru
 22454 | D:11     | Noticed a purple ugly thing
 22786 | D:11     | Found a shimmering altar of Xom.
 22830 | D:11     | Noticed Psyche
 22837 | D:11     | Killed Psyche
 23074 | D:11     | Received a gift from Okawaru
 23325 | D:11     | Noticed a deep elf mage
 23594 | D:11     | Killed a deep elf mage
 23595 | D:11     | Reached XP level 12. HP: 41/70 MP: 9/12
 23864 | D:11     | Noticed Erica
 24382 | D:11     | Killed Erica
 24612 | D:11     | Received a gift from Okawaru
 24622 | D:11     | Noticed a two-headed ogre
 24637 | D:11     | Killed a two-headed ogre
 25082 | D:11     | Noticed a fire dragon
 25457 | D:11     | Noticed a boulder beetle
 25472 | D:11     | Killed a boulder beetle
 25472 | D:11     | Received a gift from Okawaru
 25858 | D:11     | Found a staircase to the Lair.
 26092 | D:11     | Noticed a six-headed hydra
 26701 | D:11     | Killed a six-headed hydra
 26701 | D:11     | Received a gift from Okawaru
 26816 | D:11     | Found a staircase to the Lair.
 27963 | D:11     | Found a staircase to the Lair.
 27978 | D:11     | Killed from afar by a fire dragon

Illustrated notes

Levels and vault maps discovered:
D:1:      dpeg_arrival_chambers_temple_mockup, layout_basic,
          minmay_strange_pillars, minmay_misc_feat_x
D:2:      layout_basic, lemuel_blue_sif_altar, ashenzari_conservatory_becter
D:3:      layout_loops_ring, nicolae_overflow_crystal_walls, serial_forest,
          infiniplex_forest_straight_5, infiniplex_forest_corner_1,
          infiniplex_forest_straight_3, infiniplex_forest_pool,
          infiniplex_forest_lined_1, led_xom_imps
D:4:      wad_river_or_something, layout_loops_cross, dancing_weapons_uskayaw,
          uniq_blork_the_orc, uniq_grinder
D:5:      layout_basic, kennysheep_little_box, minmay_temple_entry_antechambers,
          lemuel_flame_loot_1
D:6:      layout_rooms, old_standard_altar, serial_shops,
          nicolae_shop_statue_plus, uniq_pikel, uniq_edmund
D:7:      minmay_the_grid_plus [minmay_the_grid_square_x,
          minmay_the_grid_gridbox, minmay_the_grid_holed_spiral,
          minmay_the_grid_spin_star, minmay_the_grid_prize_big_room],
          layout_loops_corners
D:8:      layout_rooms, nicolae_tso_besieged_by_evil, fedhas_altar_1,
          special_room [special_room_orc]
D:9:      layout_rooms, hangedman_tell_no_tales
D:10:     layout_layer_cave, david_orc_3, uniq_fannar
D:11:     layout_basic, minmay_lair_entry_lava, basic_altar,
          grunt_ministairs_11, hangedman_minor_magic, uniq_erica, uniq_psyche
Temple:   oiseaux_autumnal_temple

Skill      XL: |  1  2  3  4  5  6  7  8  9 10 11 12 |
---------------+-------------------------------------+-----
Staves         | 4 5 6 7 9 11 13 14 | 14.0
Throwing       | 8 12 14 | 14.1
Fighting       | |  2.0
Dodging        | |  3.0

Action                   |  1- 3 |  4- 6 |  7- 9 | 10-12 || total
-------------------------+-------+-------+-------+-------++-------
Melee: Quarterstaff      |    67 |   120 |   253 |   672 ||  1112
       Constrict         |    18 |    35 |    58 |   110 ||   221
       Tentacles         |    15 |    26 |    67 |   163 ||   271
       Punch             |       |       |       |     6 ||     6
Throw: Javelin           |     1 |     1 |       |       ||     2
       Dart              |       |       |       |    40 ||    40
Invok: Heroism           |       |       |       |    17 ||    17
Evoke: Wand              |       |       |       |    15 ||    15
  Use: Scroll            |       |       |    16 |    21 ||    37
       Potion            |       |       |     3 |     7 ||    10
 Stab: Sleeping          |     4 |     5 |    10 |    13 ||    32
       Distracted        |       |       |     1 |     5 ||     6
       Invisible         |       |       |     1 |     2 ||     3
       Paralysed         |       |       |       |    11 ||    11
       Fleeing           |       |       |       |     1 ||     1
Armor: Skin              |     5 |     9 |     9 |    71 ||    94
Dodge: Dodged            |    60 |    87 |   145 |   337 ||   629
